AoeStats
← LoneStarLegion

Arabia

505976913Analyzed
1v1 RM · 19d ago on Sep 11, 2026· 36m 25s· 2 players
Game mode
Random Map
Map size
Tiny (2 player)
Population
200
Speed
Normal
Resources
Standard
Victory
Conquest
Starting age
Dark Age
Ending age
Imperial Age
RankedLock teamsTeams togetherTeam positionsShared explorationLock speedFull tech treeHidden civsTurbo modeCheats
Victory
Defeat
🇲🇽 Teutons · Mexico
750
+16
🇺🇸 Mongols · United States
746
-16
LoneStarLegion
7:59 Loom
10:32 Feudal Age
12:03 Wheelbarrow
11:14 Horse Collar
11:22 Double-Bit Axe
20:42 Castle Age
22:47 Hand Cart
23:02 Bow Saw
24:52 Stone Mining
27:05 Heavy Plow
27:40 Elite Skirmisher
27:43 Pikeman
28:52 Crossbowman
30:41 Thumb Ring
31:46 Fletching
31:57 Padded Archer Armor
32:08 Forging
32:05 Scale Barding Armor
Diositomadsimo
0:27 Loom
11:34 Feudal Age
13:52 Bloodlines
19:04 Scale Barding Armor
24:09 Castle Age
24:50 Double-Bit Axe
26:41 Chain Barding Armor
26:20 Gold Mining
26:14 Horse Collar
32:34 Forging
33:07 Wheelbarrow
Connection lost

Rejoining the realm…

Still unreachable

The connection could not be restored.

Session expired

The server has moved on; the page needs a fresh start.